 Dungeon Crawl Stone Soup version 0.31.0-11-ge490571c62 (webtiles) character file.

Game seed: 7311917762777170019

210 SnakkuSnakku7 the Insei (level 5, 0/41 HPs)
             Began as a Merfolk Conjurer on Jan 31, 2024.
             Slain by an ufetubus (3 damage)
             ... summoned by Eustachio
             ... on level 4 of the Dungeon.
             The game lasted 00:05:47 (3742 turns).

SnakkuSnakku7 the Insei (Merfolk Conjurer)          Turns: 3742, Time: 00:05:48

Health: 0/41       AC:  3    Str:  9    XL:     5   Next: 88%
Magic:  8/8        EV: 12    Int: 18    God:
Gold:   160        SH:  0    Dex: 12    Spells: 8/8 levels left

rFire   . .          .
                       - Unarmed
rCold   . . .        (no shield)
rNeg    . . .        h - +0 leather armour
rPois   .            (no helmet)
rElec   .            (no cloak)
rCorr   .            (no gloves)
SInv    .            (no boots)
Will    .....        (no amulet)
Stlth   +            (no ring)
HPRegen 0.26/turn    (no ring)
MPRegen 0.11/turn

%: no passive effects
@: silenced, weak-willed
A: (nimble swimmer 2), mertail
a: no special abilities


You were on level 4 of the Dungeon.
You visited 1 branch of the dungeon, and saw 4 of its levels.

You collected 160 gold pieces.

Inventory:

Armour
 a - a +0 robe
 h - a +0 leather armour (worn)
Jewellery
 d - a ring of fire
 g - a ring of flight
 j - a ring of protection from fire
Talismans
 o - a blade talisman
Scrolls
 l - 2 scrolls of amnesia
 n - a scroll of teleportation {unknown}
Potions
 b - a potion of magic
 e - a potion of curing
 m - a potion of mutation {unknown}


   Skills:
 - Level 3.2 Fighting
 - Level 2.6 Dodging
 - Level 2.1 Stealth
 + Level 4.1 Unarmed Combat
 - Level 2.0 Spellcasting
 - Level 3.2 Conjurations
 + Level 2.3 Shapeshifting


You had 8 spell levels left.
You didn't know any spells.
Your spell library contained the following spells:

 Spells                   Type           Power      Damage    Failure   Level
 Magic Dart               Conj           52%        1d5       7%          1
 Searing Ray              Conj           26%        2d5       10%         2
 Inner Flame              Hex/Fire       1%         N/A       58%         3
 Fulminant Prism          Conj/Alch      3%         3d5       78%         4
 Iskenderun's Mystic Bla  Conj/Tloc      7%         2d4       78%         4
 Irradiate                Conj/Alch      3%         3d12      98%         5
 Ignition                 Fire           0%         3d3       100%        8


Dungeon Overview and Level Annotations

Branches:
Dungeon (4/15)
 Temple: D:4-7

Altars:
Makhleb

Annotations:
D:3 Edmund, Ijyb
D:4 Eustachio


Innate Abilities, Weirdness & Mutations

((You are very nimble when in or above water. (Stealth+, EV+, Speed+++)))
Your lower body shifts to a powerful aquatic tail in water.


Message History

It is a scroll of enchant weapon.
You aren't carrying any weapons that can be enchanted.
Eustachio mumbles some strange words.
The black bear bites you. The black bear barely misses you.
The black bear claws you.
As you read the scroll labelled UVVOOH FONIMET, it crumbles to dust.
The creatures around you are filled with an inner flame!
It was a scroll of immolation.
The black bear bites you but does no damage.
The black bear barely misses you.
The black bear claws you but does no damage.
As you read the scroll labelled ZUUWKO USTRITS, it crumbles to dust.
A profound silence engulfs you.
It was a scroll of silence.
The black bear bites you.
The black bear claws you but does no damage.
The black bear claws you.
Unknown command.
Magic scrolls do not work when you're silenced!
Unknown command.
Eustachio attacks as he pursues you! Eustachio hits you with a +0 falchion.
Eustachio attacks as he pursues you! Eustachio closely misses you.
Okay, then.
Eustachio hits you with a +0 falchion!
* * * LOW HITPOINT WARNING * * *
The black bear bites you.
* * * LOW HITPOINT WARNING * * *
The black bear closely misses you. x2
You feel better. The ufetubus slips past you! The ufetubus hits you.
* * * LOW HITPOINT WARNING * * *
The ufetubus barely misses you. Eustachio barely misses you.
The ufetubus barely misses you. The ufetubus hits you.
* * * LOW HITPOINT WARNING * * *
The black bear bites you.
* * * LOW HITPOINT WARNING * * *
The black bear claws you.
* * * LOW HITPOINT WARNING * * *
The black bear barely misses you.
You hit the ufetubus but do no damage. The ufetubus closely misses you.
The ufetubus hits you.
You die...

#..##....#
#......##
#......###
#........# #
###...>....###
##...........##
###......>.......
##.55##..........#
##@h#####.........#
#5@## ###.....[..
########## ####
#########
##.........
#..........
##..<......$
#......$....
#...>.......
...........#


You could see Eustachio (inner flame, weak-willed), a black bear (inner flame,
unsilenced, weak-willed), a white imp (summoned, inner flame, unsilenced) and 2
ufetubi.

Vanquished Creatures
  A hound (D:4)
  A jelly (D:3)
  Jessica (D:3)
  5 adders
  4 dart slugs
  A ribbon worm (D:3)
  5 orcs (D:3)
  7 bats
  3 endoplasms
  3 giant cockroaches
  A hobgoblin (D:2)
  9 kobolds
  5 quokkas
  7 ball pythons
  4 frilled lizards
  7 goblins
  2 rats
66 creatures vanquished.

Notes
Turn   | Place    | Note
-------+----------+-------------------------------------------
     0 | D:1      | SnakkuSnakku7 the Merfolk Conjurer began the quest for the
                  | Orb.
     0 | D:1      | Reached XP level 1. HP: 13/13 MP: 3/3
   132 | D:1      | Reached skill level 1 in Fighting
   132 | D:1      | Reached skill level 1 in Unarmed Combat
   132 | D:1      | Reached XP level 2. HP: 21/21 MP: 0/5
   355 | D:1      | Reached XP level 3. HP: 24/26 MP: 6/6
   527 | D:1      | Reached skill level 2 in Unarmed Combat
  1709 | D:3      | Reached XP level 4. HP: 34/34 MP: 7/7
  1985 | D:3      | Noticed Jessica
  2000 | D:3      | Killed Jessica
  2001 | D:3      | Reached skill level 3 in Unarmed Combat
  2042 | D:3      | Identified the +4 mace of Profit {flame, Str+3 SInv}
  2045 | D:3      | Found a burning altar of Makhleb.
  2175 | D:3      | Noticed Ijyb
  2457 | D:3      | Reached XP level 5. HP: 31/41 MP: 8/8
  2661 | D:3      | Reached skill level 1 in Shapeshifting
  3116 | D:4      | Noticed Edmund
  3480 | D:4      | Noticed a black bear
  3487 | D:4      | Noticed Eustachio
  3490 | D:4      | Reached skill level 4 in Unarmed Combat
  3741 | D:4      | HP: 2/41 [black bear (1)]
  3742 | D:4      | Slain by an ufetubus

Illustrated notes

Levels and vault maps discovered:
D:1:      eino_arrival_cavern_b, layout_loops_cross, serial_bayou_pond_b
D:2:      layout_basic, hangedman_decor_lopped
D:3:      layout_basic, lemuel_round_altar, corexii_corridor_pit,
          kennysheep_cross_room, nicolae_figureground_sparkle, uniq_ijyb,
          uniq_jessica
D:4:      layout_cave_pods, uniq_blork_the_orc, uniq_crazy_yiuf_cottage,
          uniq_eustachio, uniq_edmund

Skill      XL: |  1  2  3  4  5 |
---------------+----------------+-----
Fighting       | 1 2 3 |  3.2
Unarmed Combat | 1 2 3 4 |  4.1
Shapeshifting  | 2 |  2.3
Dodging        | |  2.6
Stealth        | |  2.1
Spellcasting   | |  2.0
Conjurations   | |  3.2

Action                     |  1- 3 |  4- 6 || total
---------------------------+-------+-------++-------
  Melee: Unarmed           |   155 |   126 ||   281
         Tailslap          |     5 |     1 ||     6
         Punch             |     3 |     1 ||     4
   Cast: Magic Dart        |    20 |    33 ||    53
    Use: Scroll            |     2 |     7 ||     9
         Potion            |       |     3 ||     3
   Stab: Sleeping          |     4 |     1 ||     5
 Armour: Robe              |    73 |       ||    73
         Leather armour    |    18 |   127 ||   145
  Dodge: Dodged            |   156 |   151 ||   307
